Punishers vs Barracuda

Created - December 2, 2024 at 19:26

Goals
1 2 3 T
Punishers 1 1 1 3
Barracuda 3 0 2 5
Shots
1 2 3 T
Punishers 14 10 9 33
Barracuda 12 6 7 25

1st period

1. Barracuda , Theodor Blueger 14 (Brett Kulak 9) at 1:57 (SH)
2. Barracuda , William Carrier 10 (Theodor Blueger 12, Brett Kulak 10) at 11:00
3. Barracuda , Theodor Blueger 15 (William Carrier 16, Jordan Gross 9) at 16:16
4. Punishers , Carson Meyer 4 (Adam Ruzicka 6, Urho Vaakanainen 1) at 18:37

Penalties :
Luke Martin (S.J) for Cross-checking (Minor) at 1:26, Thomas Gobeil (S.J) for Roughing (Double Minor) at 3:59

2nd period

5. Punishers , Karson Kuhlman 7 (Oskar Lindblom 8, Kurtis Gabriel 5) at 4:01 (PP)

Penalties :
Nicolas Beaudin (Pro) for High sticking (Minor) at 0:17, Luke Martin (S.J) for Hooking (Minor) at 3:54, Braden Tracey (Pro) for Diving (Minor) at 6:07, Robin Norell (S.J) for Elbowing (Minor) at 16:52, Kurtis Gabriel (Pro) for Interference (Minor) at 18:16

3rd period

6. Barracuda , Kurtis Macdermid 15 (Brett Kulak 11, Robin Norell 8) at 0:08 (PP)
7. Punishers , Karson Kuhlman 8 (Kurtis Gabriel 6, Nicolas Beaudin 11) at 12:11
8. Barracuda , Cole Ully 7 (Nikolai Kovalenko 2) at 14:04

Penalties :
Thomas Gobeil (S.J) for Holding (Minor) at 2:17, Niko Mikkola (Pro) for Delaying the game (Minor) at 6:10, Rasmus Sandin (Pro) for Interference (Minor) at 6:48, Thomas Gobeil (S.J) for Holding (Minor) at 16:51

Goalie Stats

Antoine Bibeau (Pro), 5 saves from 6 shots - (0.833), 19:52 minutes
Cal Petersen (Pro), 15 saves from 19 shots - (0.789), L, 2-2-0, 40:08 minutes
Joni Ortio (S.J), 30 saves from 33 shots - (0.909), W, 9-6-1, 60:00 minutes

Players Stats for Punishers

Player Name              G  A  P  +/- PIM S  H  SB GA TA FO     MP     PP MP  PK MP  
------------------------------------------------------------------------------------
Adam Ruzicka             0  1  1   1  0   1  2  0  0  0  1/4    11:12   0:18   2:06 
Ben Betker               0  0  0  -4  0   4  0  2  1  1  0/0    29:26   6:09   5:06 
Ben Meyers               0  0  0   0  0   0  1  0  0  0  3/5     7:35   0:00   0:00 
Braden Tracey            0  0  0   1  2   0  0  0  0  0  0/0     9:10   0:00   0:00 
Carson Meyer             1  0  1   1  0   2  0  0  0  0  0/0     9:34   0:58   0:00 
Daniel Audette           0  0  0  -4  0   2  2  1  0  0  5/13   17:14   4:30   1:46 
Jack Ahcan               0  0  0   0  0   0  0  1  1  0  0/0    11:23   2:34   1:42 
Jesse Ylonen             0  0  0   0  0   3  1  0  2  0  0/0     7:52   0:17   0:00 
Karson Kuhlman           2  0  2   1  0   7  2  1  0  1  12/28  22:41   5:56   3:38 
Kole Lind                0  0  0  -4  0   1  1  1  0  0  0/0    14:44   4:34   0:00 
Kurtis Gabriel           0  2  2   1  2   3  1  1  5  0  1/1    20:49   5:57   1:19 
Lassi Thomson            0  0  0   0  0   0  1  0  0  0  0/0     4:17   0:00   0:57 
Marcus Karlberg          0  0  0   0  0   1  1  0  0  0  1/1     8:00   0:25   0:00 
Nicolas Beaudin          0  1  1   1  2   0  0  1  0  0  0/0    20:34   5:13   2:36 
Niko Mikkola             0  0  0  -4  2   2  1  0  0  1  0/0    25:52   5:41   3:15 
Oskar Lindblom           0  1  1   1  0   5  0  2  0  0  3/8    23:14   5:58   4:03 
Rasmus Sandin            0  0  0   1  2   1  0  0  0  0  0/0    12:04   0:33   1:15 
Ryan Suzuki              0  0  0   0  0   0  0  0  0  0  0/0     1:24   0:54   0:04 
Urho Vaakanainen         0  1  1   2  0   1  2  0  0  0  0/0    16:48   2:44   1:00 
Warren Foegele           0  0  0  -4  0   0  2  0  0  0  0/1    16:14   4:33   1:19 

Players Stats for Barracuda

Player Name              G  A  P  +/- PIM S  H  SB GA TA FO     MP     PP MP  PK MP  
------------------------------------------------------------------------------------
Adam Beckman             0  0  0   0  0   0  0  0  0  0  0/0     0:00   0:00   0:00 
Adam Edstrom             0  0  0   0  0   0  0  0  0  0  0/0     1:54   0:00   1:28 
Alex Henriksson          0  0  0   0  0   2  0  1  0  0  0/0     8:11   0:00   1:30 
Alex Lintuniemi          0  0  0  -1  0   1  0  2  0  0  0/0     9:30   0:18   0:00 
Alexei Toropchenko       0  0  0   0  0   1  0  0  0  0  0/0     8:19   0:15   0:00 
Angus Crookshank         0  0  0   0  0   0  0  0  0  0  0/0     0:00   0:00   0:00 
Beck Malenstyn           0  0  0   0  0   0  0  0  0  0  0/0     2:37   0:29   0:00 
Bode Wilde               0  0  0   1  0   0  1  0  0  1  0/0     4:33   0:00   0:29 
Brett Kulak              0  3  3   1  0   0  2  2  0  1  0/0    27:40   5:03   5:43 
Cole Ully                1  0  1   0  0   3  0  0  0  1  0/0     9:05   0:00   0:00 
Dennis Cholowski         0  0  0  -1  0   0  0  0  0  0  0/0    10:48   0:00   1:56 
Emil Pettersson          0  0  0   0  0   3  1  0  0  2  18/28  21:11   4:36   4:00 
Jacob Peterson           0  0  0   0  0   0  0  0  0  0  2/2     3:08   0:45   0:15 
Jaedon Descheneau        0  0  0   2  0   0  0  0  0  0  0/0    12:48   3:01   0:00 
Jordan Gross             0  1  1   1  0   1  1  0  1  0  0/0    19:10   2:49   5:15 
Kurtis Macdermid         1  0  1  -1  0   1  1  1  0  1  5/10   22:37   3:57   5:44 
Kyle Platzer             0  0  0   0  0   0  0  0  0  0  0/1     6:30   0:00   0:00 
Luke Martin              0  0  0   1  4   2  0  2  0  0  0/0    18:12   2:49   4:31 
Nikolai Kovalenko        0  1  1   0  0   1  1  0  0  1  0/0     9:05   0:00   0:00 
Noah Gregor              0  0  0   0  0   0  2  0  1  0  4/7     9:05   0:00   0:00 
Robin Norell             0  1  1   1  2   2  2  3  0  1  0/0    26:16   4:58   5:00 
Ryan Merkley             0  0  0   1  0   0  0  0  0  0  0/0     4:01   0:00   0:00 
Theodor Blueger          2  1  3   3  0   6  4  0  1  0  3/7    17:05   3:14   4:00 
Thomas Gobeil            0  0  0  -1  8   0  0  0  0  0  1/3    16:54   4:09   0:00 
William Carrier          1  1  2   2  0   2  2  0  0  1  2/3    19:13   2:57   5:57 

3 Stars

1 - Theodor Blueger (S.J)
2 - William Carrier (S.J)
3 - Karson Kuhlman (Pro)

Power Play

Punishers - 1 on 7 Attempt(s) - 14.29%
Barracuda - 1 on 5 Attempt(s) - 20.00%

Penalty Kill

Punishers - 4 on 5 Attempt(s) - 80.00% - Score 0 goal in Penalty Kill
Barracuda - 6 on 7 Attempt(s) - 85.71% - Score 1 goal in Penalty Kill

Team Stat

Punishers - Hits : 17 - Faceoff Wins : 26 - Blocked Shots : 10 - Penalty Minutes : 10
Barracuda - Hits : 17 - Faceoff Wins : 35 - Blocked Shots : 11 - Penalty Minutes : 14

Official

Referees : Chris Rooney and Chris Lee
Linesman : Tyson Baker and Michel Cormier

Game Notes

Jack Ahcan is injured at 12:51 of 2nd period (Lower Body)
Antoine Bibeau enters game at 0:08 of 3rd period

Finance

Level 1 -- Attendance: 1756 (87.80%) -- Ticket Income $122,920
Level 2 -- Attendance: 846 (84.60%) -- Ticket Income $33,840
Total Attendance: 2602 (86.73%)
Total Ticket Income: $156,760
Other Income: $7,838
Total Income: $164,598

Punishers

5 vs 5 Forward 
   Center                   Left Wing                Right Wing               Time % Phy DF OF 
 1 Karson Kuhlman           Oskar Lindblom           Kurtis Gabriel           40     1   2  2  
 2 Daniel Audette           Warren Foegele           Kole Lind                30     1   2  2  
 3 Adam Ruzicka             Braden Tracey            Carson Meyer             20     1   2  2  
 4 Ben Meyers               Marcus Karlberg          Jesse Ylonen             10     1   2  2  

5 vs 5 Defense 
   Defense                  Defense                                           Time % Phy DF OF 
 1 Ben Betker               Niko Mikkola                                      40     1   2  2  
 2 Nicolas Beaudin          Jack Ahcan                                        30     1   2  2  
 3 Urho Vaakanainen         Rasmus Sandin                                     20     1   2  2  
 4 Lassi Thomson            Ben Betker                                        10     1   2  2  

PowerPlay Forward 
   Center                   Left Wing                Right Wing               Time % Phy DF OF 
 1 Karson Kuhlman           Oskar Lindblom           Kurtis Gabriel           60     1   2  2  
 2 Daniel Audette           Warren Foegele           Kole Lind                40     1   2  2  

PowerPlay Defense
   Defense                  Defense                                           Time % Phy DF OF 
 1 Ben Betker               Niko Mikkola                                      60     1   2  2  
 2 Nicolas Beaudin          Jack Ahcan                                        40     1   2  2  

Penalty Kill 4 Players Forward 
   Center                   Wing                     Time % Phy DF OF 
 1 Oskar Lindblom           Karson Kuhlman           60     1   2  2  
 2 Daniel Audette           Kurtis Gabriel           40     1   2  2  

Penalty Kill 4 Players Defense
   Defense                  Defense                  Time % Phy DF OF 
 1 Ben Betker               Niko Mikkola             60     1   2  2  
 2 Nicolas Beaudin          Jack Ahcan               40     1   2  2  

Penalty Kill - 3 Players Forward 
   Forward                                           Time % Phy DF OF 
 1 Oskar Lindblom                                    60     1   2  2  
 2 Karson Kuhlman                                    40     1   2  2  

Penalty Kill - 3 Players Defense
   Defense                  Defense                  Time % Phy DF OF 
 1 Ben Betker               Niko Mikkola             60     1   2  2  
 2 Nicolas Beaudin          Jack Ahcan               40     1   2  2  

4 vs 4 Forward 
   Center                   Wing                     Time % Phy DF OF 
 1 Oskar Lindblom           Karson Kuhlman           60     1   2  2  
 2 Daniel Audette           Kurtis Gabriel           40     1   2  2  

4 vs 4 Defense
   Defense                  Defense                  Time % Phy DF OF 
 1 Ben Betker               Niko Mikkola             60     1   2  2  
 2 Nicolas Beaudin          Jack Ahcan               40     1   2  2  

Last Minutes Offensive
   Center                   Left Wing                Right Wing               Defense                  Defense                  
   Karson Kuhlman           Oskar Lindblom           Kurtis Gabriel           Ben Betker               Niko Mikkola             

Last Minutes Defensive
   Center                   Left Wing                Right Wing               Defense                  Defense                  
   Karson Kuhlman           Oskar Lindblom           Kurtis Gabriel           Ben Betker               Niko Mikkola             

Goaltenders
Starting : Cal Petersen             
Backup : Antoine Bibeau           

Extra Forwards
Normal : Ryan Suzuki, Carson Meyer, Adam Ruzicka - PP : Ryan Suzuki, Carson Meyer - PK : Adam Ruzicka
Extra Defensemen
Normal : Urho Vaakanainen, Rasmus Sandin, Lassi Thomson - PP : Urho Vaakanainen - PK : Rasmus Sandin, Lassi Thomson
Penalty Shots
Oskar Lindblom, Karson Kuhlman, Daniel Audette, Kurtis Gabriel, Kole Lind
Custom OT Lines Forwards
Oskar Lindblom, Karson Kuhlman, Daniel Audette, Kurtis Gabriel, Kole Lind, Carson Meyer, Warren Foegele, Adam Ruzicka, Jesse Ylonen, Ben Meyers
Custom OT Lines Defensemen
Ben Betker, Niko Mikkola, Nicolas Beaudin, Jack Ahcan, Urho Vaakanainen

Scratches
Joel Kiviranta (Healthy), Noah Juulsen (Healthy), Jack LaFontaine (Healthy), Carter Gylander (Healthy)

Barracuda

5 vs 5 Forward 
   Center                   Left Wing                Right Wing               Time % Phy DF OF 
 1 Emil Pettersson          Kurtis Macdermid         Thomas Gobeil            40     1   2  2  
 2 Theodor Blueger          William Carrier          Jaedon Descheneau        30     1   2  2  
 3 Noah Gregor              Cole Ully                Nikolai Kovalenko        20     1   2  2  
 4 Kyle Platzer             Alex Henriksson          Alexei Toropchenko       10     1   2  2  

5 vs 5 Defense 
   Defense                  Defense                                           Time % Phy DF OF 
 1 Brett Kulak              Robin Norell                                      40     1   2  2  
 2 Jordan Gross             Luke Martin                                       30     1   2  2  
 3 Alex Lintuniemi          Dennis Cholowski                                  20     1   2  2  
 4 Bode Wilde               Ryan Merkley                                      10     1   2  2  

PowerPlay Forward 
   Center                   Left Wing                Right Wing               Time % Phy DF OF 
 1 Emil Pettersson          Kurtis Macdermid         Thomas Gobeil            60     1   2  2  
 2 Theodor Blueger          William Carrier          Jaedon Descheneau        40     1   2  2  

PowerPlay Defense
   Defense                  Defense                                           Time % Phy DF OF 
 1 Brett Kulak              Robin Norell                                      60     1   2  2  
 2 Jordan Gross             Luke Martin                                       40     1   2  2  

Penalty Kill 4 Players Forward 
   Center                   Wing                     Time % Phy DF OF 
 1 Kurtis Macdermid         William Carrier          60     1   2  2  
 2 Emil Pettersson          Theodor Blueger          40     1   2  2  

Penalty Kill 4 Players Defense
   Defense                  Defense                  Time % Phy DF OF 
 1 Brett Kulak              Robin Norell             60     1   2  2  
 2 Jordan Gross             Luke Martin              40     1   2  2  

Penalty Kill - 3 Players Forward 
   Forward                                           Time % Phy DF OF 
 1 Kurtis Macdermid                                  60     1   2  2  
 2 William Carrier                                   40     1   2  2  

Penalty Kill - 3 Players Defense
   Defense                  Defense                  Time % Phy DF OF 
 1 Brett Kulak              Robin Norell             60     1   2  2  
 2 Jordan Gross             Luke Martin              40     1   2  2  

4 vs 4 Forward 
   Center                   Wing                     Time % Phy DF OF 
 1 Kurtis Macdermid         William Carrier          60     1   2  2  
 2 Emil Pettersson          Theodor Blueger          40     1   2  2  

4 vs 4 Defense
   Defense                  Defense                  Time % Phy DF OF 
 1 Brett Kulak              Robin Norell             60     1   2  2  
 2 Jordan Gross             Luke Martin              40     1   2  2  

Last Minutes Offensive
   Center                   Left Wing                Right Wing               Defense                  Defense                  
   Emil Pettersson          Kurtis Macdermid         Thomas Gobeil            Brett Kulak              Robin Norell             

Last Minutes Defensive
   Center                   Left Wing                Right Wing               Defense                  Defense                  
   Emil Pettersson          Kurtis Macdermid         Thomas Gobeil            Brett Kulak              Robin Norell             

Goaltenders
Starting : Joni Ortio               
Backup : Kevin Mandolese          

Extra Forwards
Normal : Jacob Peterson, Beck Malenstyn, Adam Edstrom - PP : Jacob Peterson, Beck Malenstyn - PK : Adam Edstrom
Extra Defensemen
Normal : Alex Lintuniemi, Dennis Cholowski, Bode Wilde - PP : Alex Lintuniemi - PK : Dennis Cholowski, Bode Wilde
Penalty Shots
Kurtis Macdermid, William Carrier, Emil Pettersson, Theodor Blueger, Cole Ully
Custom OT Lines Forwards
Kurtis Macdermid, William Carrier, Emil Pettersson, Theodor Blueger, Cole Ully, Noah Gregor, Alex Henriksson, Kyle Platzer, Thomas Gobeil, Jacob Peterson
Custom OT Lines Defensemen
Brett Kulak, Robin Norell, Jordan Gross, Luke Martin, Alex Lintuniemi

Scratches
Mac Hollowell (Fractured Orbital Bone Injury), Filip Larsson (Healthy)

% Time on Ice - Punishers

Lines # - Real PCT - Wanted PCT - Time Play
Normal Forward
1 - 33% - 40% - 13:10
2 - 27% - 30% - 10:51
3 - 21% - 20% - 8:30
4 - 19% - 10% - 7:35
Normal Defense
1 - 39% - 40% - 15:47
2 - 35% - 30% - 13:59
3 - 20% - 20% - 8:08
4 - 5% - 10% - 2:12
PP Forward
1 - 58% - 60% - 6:37
2 - 42% - 40% - 4:50
PP Defense
1 - 54% - 60% - 6:13
2 - 46% - 40% - 5:14
PK Forward
1 - 73% - 60% - 4:45
2 - 27% - 40% - 1:46
PK Defense
1 - 55% - 60% - 3:37
2 - 45% - 40% - 2:54
PK3 Forward
1 - 75% - 60% - 1:01
2 - 25% - 40% - 0:20
PK3 Defense
1 - 33% - 60% - 0:27
2 - 67% - 40% - 0:54
44 Forward
1 - 80% - 60% - 0:28
2 - 20% - 40% - 0:07
44 Defense
1 - 80% - 60% - 0:28
2 - 20% - 40% - 0:07
Last Minute Offensive  - 0:00
Last Minute Defensive  - 0:00
Total
Forward - 60:00
Defense - 60:00

% Time on Ice - Barracuda

Lines # - Real PCT - Wanted PCT - Time Play
Normal Forward
1 - 37% - 40% - 14:44
2 - 24% - 30% - 9:47
3 - 23% - 20% - 9:05
4 - 16% - 10% - 6:30
Normal Defense
1 - 41% - 40% - 16:22
2 - 28% - 30% - 11:06
3 - 21% - 20% - 8:37
4 - 10% - 10% - 4:01
PP Forward
1 - 59% - 60% - 4:38
2 - 41% - 40% - 3:14
PP Defense
1 - 64% - 60% - 5:03
2 - 36% - 40% - 2:49
PK Forward
1 - 65% - 60% - 7:24
2 - 35% - 40% - 4:03
PK Defense
1 - 50% - 60% - 5:46
2 - 50% - 40% - 5:41
PK3 Forward
1 - 0% - 60%
2 - 0% - 40%
PK3 Defense
1 - 0% - 60%
2 - 0% - 40%
44 Forward
1 - 89% - 60% - 0:31
2 - 11% - 40% - 0:04
44 Defense
1 - 100% - 60% - 0:35
2 - 0% - 40% - 0:00
Last Minute Offensive  - 0:00
Last Minute Defensive  - 0:00
Total
Forward - 60:00
Defense - 60:00

Play-by-Play

1st period


0:01 of 1st period - Karson Kuhlman wins face-off versus Thomas Gobeil in neutral zone.
0:04 of 1st period - Snap shot by Oskar Lindblom.
0:04 of 1st period - Shot Blocked by Brett Kulak.
0:34 of 1st period - Niko Mikkola is hit by Theodor Blueger and loses puck.
0:47 of 1st period - Wrist shot by Alex Henriksson.
0:47 of 1st period - Shot Misses the Net.
1:26 of 1st period - Minor Penalty to Luke Martin for Cross-checking.
1:27 of 1st period - Karson Kuhlman wins face-off versus William Carrier in Barracuda zone.
1:36 of 1st period - Snap shot by Kurtis Gabriel.
1:36 of 1st period - Deflect By Oskar Lindblom.
1:36 of 1st period - Stopped by Joni Ortio with a rebound.
1:57 of 1st period - Snap shot by Theodor Blueger.
1:57 of 1st period - Goal by Theodor Blueger - Punishers : 0 - Barracuda : 1.
1:58 of 1st period - Kurtis Macdermid wins face-off versus Karson Kuhlman in neutral zone.
2:07 of 1st period - Snap shot by Karson Kuhlman.
2:07 of 1st period - Stopped by Joni Ortio with a rebound.
2:09 of 1st period - Wrist shot by Ben Betker.
2:09 of 1st period - Shot Misses the Net.
2:11 of 1st period - Slapshot by Ben Betker.
2:11 of 1st period - Deflect By Karson Kuhlman.
2:11 of 1st period - Shot Misses the Net.
2:11 of 1st period - Puck is out of play.
2:12 of 1st period - Emil Pettersson wins face-off versus Karson Kuhlman in Barracuda zone.
3:26 of 1st period - Penalty to Luke Martin is over, Luke Martin is back on ice.
3:37 of 1st period - Slapshot by Noah Gregor.
3:37 of 1st period - Deflect By Cole Ully.
3:37 of 1st period - Shot Misses the Net.
3:37 of 1st period - Puck is out of play.
3:38 of 1st period - Emil Pettersson wins face-off versus Adam Ruzicka in Punishers zone.
3:59 of 1st period - Double Minor Penalty to Thomas Gobeil for Roughing.
4:00 of 1st period - Kurtis Macdermid wins face-off versus Karson Kuhlman in Barracuda zone.
4:00 of 1st period - Kurtis Macdermid is hit by Karson Kuhlman.
4:10 of 1st period - Slapshot by Oskar Lindblom.
4:10 of 1st period - Stopped by Joni Ortio without a rebound.
4:11 of 1st period - Karson Kuhlman wins face-off versus Kurtis Macdermid in Barracuda zone.
6:48 of 1st period - Daniel Audette is hit by Brett Kulak and loses puck.
7:59 of 1st period - Penalty to Thomas Gobeil is over, Thomas Gobeil is back on ice.
8:01 of 1st period - Snap shot by Alex Henriksson.
8:01 of 1st period - Stopped by Cal Petersen without a rebound.
8:02 of 1st period - Ben Meyers wins face-off versus Noah Gregor in Punishers zone.
8:02 of 1st period - Ben Meyers is hit by Noah Gregor.
9:02 of 1st period - Wrist shot by William Carrier.
9:02 of 1st period - Shot Misses the Net.
9:04 of 1st period - Slapshot by William Carrier.
9:04 of 1st period - Shot Misses the Net.
9:06 of 1st period - Snap shot by Jaedon Descheneau.
9:06 of 1st period - Deflect By Theodor Blueger.
9:06 of 1st period - Stopped by Cal Petersen without a rebound.
9:07 of 1st period - Emil Pettersson wins face-off versus Karson Kuhlman in Punishers zone.
9:33 of 1st period - Jack Ahcan is hit by William Carrier and loses puck.
9:42 of 1st period - Snap shot by William Carrier.
9:42 of 1st period - Stopped by Cal Petersen with a rebound.
9:44 of 1st period - Slapshot by Luke Martin.
9:44 of 1st period - Stopped by Cal Petersen with a rebound.
11:00 of 1st period - Wrist shot by William Carrier.
11:00 of 1st period - Goal by William Carrier - Punishers : 0 - Barracuda : 2.
11:01 of 1st period - Karson Kuhlman wins face-off versus Kurtis Macdermid in neutral zone.
11:06 of 1st period - Snap shot by Karson Kuhlman.
11:06 of 1st period - Stopped by Joni Ortio with a rebound.
11:26 of 1st period - Kurtis Gabriel is hit by Brett Kulak.
11:38 of 1st period - Icing by Karson Kuhlman.
11:39 of 1st period - Karson Kuhlman wins face-off versus Emil Pettersson in Punishers zone.
11:48 of 1st period - Snap shot by Emil Pettersson.
11:48 of 1st period - Shot Misses the Net.
12:47 of 1st period - Wrist shot by Oskar Lindblom.
12:47 of 1st period - Shot Misses the Net.
12:49 of 1st period - Snap shot by Karson Kuhlman.
12:49 of 1st period - Shot Misses the Net.
13:25 of 1st period - Wrist shot by Oskar Lindblom.
13:25 of 1st period - Stopped by Joni Ortio with a rebound.
13:27 of 1st period - Slapshot by Karson Kuhlman.
13:27 of 1st period - Shot Blocked by Alex Henriksson.
13:29 of 1st period - Wrist shot by Kurtis Gabriel.
13:29 of 1st period - Shot Misses the Net.
13:31 of 1st period - Snap shot by Urho Vaakanainen.
13:31 of 1st period - Shot Blocked by Robin Norell.
13:33 of 1st period - Slapshot by Urho Vaakanainen.
13:33 of 1st period - Stopped by Joni Ortio with a rebound.
13:35 of 1st period - Slapshot by Karson Kuhlman.
13:35 of 1st period - Shot Misses the Net.
13:37 of 1st period - Slapshot by Karson Kuhlman.
13:37 of 1st period - Deflect By Robin Norell.
13:37 of 1st period - Stopped by Joni Ortio with a rebound.
13:39 of 1st period - Backhand shot by Rasmus Sandin.
13:39 of 1st period - Stopped by Joni Ortio without a rebound.
13:40 of 1st period - Emil Pettersson wins face-off versus Daniel Audette in Barracuda zone.
14:07 of 1st period - Wrist shot by Carson Meyer.
14:07 of 1st period - Stopped by Joni Ortio with a rebound.
14:27 of 1st period - Snap shot by Noah Gregor.
14:27 of 1st period - Shot Misses the Net.
14:29 of 1st period - Slapshot by Luke Martin.
14:29 of 1st period - Stopped by Cal Petersen with a rebound.
14:31 of 1st period - Slapshot by Luke Martin.
14:31 of 1st period - Shot Misses the Net.
14:33 of 1st period - Slapshot by Luke Martin.
14:33 of 1st period - Shot Misses the Net.
14:47 of 1st period - Emil Pettersson is hit by Niko Mikkola and loses puck.
15:15 of 1st period - Slapshot by Theodor Blueger.
15:15 of 1st period - Stopped by Cal Petersen without a rebound.
15:16 of 1st period - Theodor Blueger wins face-off versus Daniel Audette in Punishers zone.
15:23 of 1st period - Wrist shot by Theodor Blueger.
15:23 of 1st period - Stopped by Cal Petersen without a rebound.
15:24 of 1st period - Daniel Audette wins face-off versus Theodor Blueger in Punishers zone.
15:33 of 1st period - Slapshot by Kole Lind.
15:33 of 1st period - Stopped by Joni Ortio with a rebound.
15:37 of 1st period - Wrist shot by Warren Foegele.
15:37 of 1st period - Shot Misses the Net.
15:39 of 1st period - Wrist shot by Warren Foegele.
15:39 of 1st period - Shot Misses the Net.
15:59 of 1st period - Slapshot by Emil Pettersson.
15:59 of 1st period - Stopped by Cal Petersen without a rebound.
16:00 of 1st period - William Carrier wins face-off versus Daniel Audette in Punishers zone.
16:03 of 1st period - Slapshot by William Carrier.
16:03 of 1st period - Shot Blocked by Daniel Audette.
16:05 of 1st period - Wrist shot by Theodor Blueger.
16:05 of 1st period - Stopped by Cal Petersen without a rebound.
16:06 of 1st period - Daniel Audette wins face-off versus Theodor Blueger in Punishers zone.
16:06 of 1st period - Daniel Audette is hit by Theodor Blueger.
16:16 of 1st period - Wrist shot by Theodor Blueger.
16:16 of 1st period - Goal by Theodor Blueger - Punishers : 0 - Barracuda : 3.
16:17 of 1st period - Karson Kuhlman wins face-off versus Emil Pettersson in neutral zone.
16:31 of 1st period - Icing by Karson Kuhlman.
16:32 of 1st period - Karson Kuhlman wins face-off versus Theodor Blueger in Punishers zone.
17:05 of 1st period - Wrist shot by Kurtis Gabriel.
17:05 of 1st period - Stopped by Joni Ortio without a rebound.
17:06 of 1st period - Emil Pettersson wins face-off versus Daniel Audette in Barracuda zone.
17:55 of 1st period - Robin Norell is hit by Karson Kuhlman and loses puck.
18:08 of 1st period - Brett Kulak is hit by Marcus Karlberg and loses puck.
18:37 of 1st period - Snap shot by Carson Meyer.
18:37 of 1st period - Goal by Carson Meyer - Punishers : 1 - Barracuda : 3.
18:38 of 1st period - Emil Pettersson wins face-off versus Daniel Audette in neutral zone.
18:52 of 1st period - Off-side.
18:53 of 1st period - Theodor Blueger wins face-off versus Karson Kuhlman in neutral zone.
19:01 of 1st period - Wrist shot by Kurtis Gabriel.
19:01 of 1st period - Stopped by Joni Ortio without a rebound.
19:02 of 1st period - William Carrier wins face-off versus Karson Kuhlman in Barracuda zone.
19:31 of 1st period - Snap shot by Kurtis Gabriel.
19:31 of 1st period - Shot Misses the Net.
19:33 of 1st period - Wrist shot by Karson Kuhlman.
19:33 of 1st period - Shot Blocked by Alex Lintuniemi.
19:35 of 1st period - Slapshot by Niko Mikkola.
19:35 of 1st period - Stopped by Joni Ortio with a rebound.
19:37 of 1st period - Wrist shot by Oskar Lindblom.
19:37 of 1st period - Shot Blocked by Alex Lintuniemi.
19:39 of 1st period - Slapshot by Kurtis Gabriel.
19:39 of 1st period - Shot Misses the Net.
Goals for this period are 1 for Punishers vs 3 for Barracuda.
Shots for this period are 14 for Punishers vs 12 for Barracuda.

2nd period


0:01 of 2nd period - Emil Pettersson wins face-off versus Warren Foegele in neutral zone.
0:12 of 2nd period - Snap shot by Kurtis Macdermid.
0:12 of 2nd period - Shot Misses the Net.
0:17 of 2nd period - Minor Penalty to Nicolas Beaudin for High sticking.
0:18 of 2nd period - Emil Pettersson wins face-off versus Oskar Lindblom in Punishers zone.
1:51 of 2nd period - Wrist shot by Daniel Audette.
1:51 of 2nd period - Stopped by Joni Ortio with a rebound.
2:15 of 2nd period - Niko Mikkola is hit by Jordan Gross and loses puck.
2:17 of 2nd period - Penalty to Nicolas Beaudin is over, Nicolas Beaudin is back on ice.
2:24 of 2nd period - Slapshot by Alex Lintuniemi.
2:24 of 2nd period - Shot Blocked by Ben Betker.
2:26 of 2nd period - Slapshot by Alex Lintuniemi.
2:26 of 2nd period - Shot Blocked by Nicolas Beaudin.
2:28 of 2nd period - Snap shot by Alexei Toropchenko.
2:28 of 2nd period - Stopped by Cal Petersen without a rebound.
2:29 of 2nd period - Noah Gregor wins face-off versus Ben Meyers in Punishers zone.
2:32 of 2nd period - Wrist shot by Noah Gregor.
2:32 of 2nd period - Shot Misses the Net.
2:47 of 2nd period - Icing by Nicolas Beaudin.
2:48 of 2nd period - Ben Meyers wins face-off versus Emil Pettersson in Punishers zone.
3:35 of 2nd period - Snap shot by Robin Norell.
3:35 of 2nd period - Stopped by Cal Petersen with a rebound.
3:49 of 2nd period - Snap shot by Jesse Ylonen.
3:49 of 2nd period - Stopped by Joni Ortio without a rebound.
3:50 of 2nd period - Daniel Audette wins face-off versus Kurtis Macdermid in Barracuda zone.
3:54 of 2nd period - Minor Penalty to Luke Martin for Hooking.
3:55 of 2nd period - Kurtis Gabriel wins face-off versus Kurtis Macdermid in Barracuda zone.
4:01 of 2nd period - Snap shot by Karson Kuhlman.
4:01 of 2nd period - Goal by Karson Kuhlman - Punishers : 2 - Barracuda : 3.
4:02 of 2nd period - Emil Pettersson wins face-off versus Daniel Audette in neutral zone.
4:09 of 2nd period - Wrist shot by Kurtis Macdermid.
4:09 of 2nd period - Shot Misses the Net.
4:29 of 2nd period - Ben Betker is hit by Noah Gregor and loses puck.
4:36 of 2nd period - Snap shot by Noah Gregor.
4:36 of 2nd period - Shot Misses the Net.
4:38 of 2nd period - Slapshot by Cole Ully.
4:38 of 2nd period - Deflect By Nikolai Kovalenko.
4:38 of 2nd period - Deflect By Ben Betker.
4:38 of 2nd period - Shot Blocked by Kurtis Gabriel.
4:38 of 2nd period - Puck is out of play.
4:39 of 2nd period - Noah Gregor wins face-off versus Adam Ruzicka in Punishers zone.
4:40 of 2nd period - Slapshot by Cole Ully.
4:40 of 2nd period - Deflect By Nikolai Kovalenko.
4:40 of 2nd period - Stopped by Cal Petersen with a rebound.
6:05 of 2nd period - Wrist shot by Cole Ully.
6:05 of 2nd period - Stopped by Cal Petersen with a rebound.
6:07 of 2nd period - Minor Penalty to Braden Tracey for Diving.
6:08 of 2nd period - Thomas Gobeil wins face-off versus Oskar Lindblom in Punishers zone.
6:33 of 2nd period - Oskar Lindblom is hit by Theodor Blueger and loses puck.
8:07 of 2nd period - Penalty to Braden Tracey is over, Braden Tracey is back on ice.
8:34 of 2nd period - Alexei Toropchenko is hit by Daniel Audette and loses puck.
8:47 of 2nd period - Icing by Jacob Peterson.
8:48 of 2nd period - Jacob Peterson wins face-off versus Ben Meyers in Barracuda zone.
8:59 of 2nd period - Slapshot by Alexei Toropchenko.
8:59 of 2nd period - Shot Blocked by Ben Betker.
9:09 of 2nd period - Snap shot by Alexei Toropchenko.
9:09 of 2nd period - Shot Misses the Net.
9:28 of 2nd period - Icing by Bode Wilde.
9:29 of 2nd period - Jacob Peterson wins face-off versus Karson Kuhlman in Barracuda zone.
9:36 of 2nd period - Snap shot by Emil Pettersson.
9:36 of 2nd period - Stopped by Cal Petersen without a rebound.
9:37 of 2nd period - Daniel Audette wins face-off versus Emil Pettersson in Punishers zone.
10:25 of 2nd period - Karson Kuhlman is hit by Nikolai Kovalenko and loses puck.
12:04 of 2nd period - Snap shot by Warren Foegele.
12:04 of 2nd period - Shot Misses the Net.
12:06 of 2nd period - Snap shot by Daniel Audette.
12:06 of 2nd period - Deflect By Luke Martin.
12:06 of 2nd period - Shot Misses the Net.
12:06 of 2nd period - Puck is out of play.
12:07 of 2nd period - Daniel Audette wins face-off versus Kyle Platzer in Barracuda zone.
12:32 of 2nd period - Slapshot by Daniel Audette.
12:32 of 2nd period - Stopped by Joni Ortio without a rebound.
12:33 of 2nd period - Emil Pettersson wins face-off versus Karson Kuhlman in Barracuda zone.
12:42 of 2nd period - Ben Betker is hit by Robin Norell and loses puck.
12:49 of 2nd period - Snap shot by Emil Pettersson.
12:49 of 2nd period - Stopped by Cal Petersen without a rebound.
12:50 of 2nd period - Theodor Blueger wins face-off versus Daniel Audette in Punishers zone.
12:51 of 2nd period - Snap shot by William Carrier.
12:51 of 2nd period - Shot Blocked by Jack Ahcan.
12:51 of 2nd period - Jack Ahcan from Punishers is injured at 12:51 of 2nd period (Lower Body).
12:52 of 2nd period - Emil Pettersson wins face-off versus Karson Kuhlman in Punishers zone.
13:01 of 2nd period - Snap shot by Emil Pettersson.
13:01 of 2nd period - Shot Misses the Net.
14:01 of 2nd period - Alex Henriksson is hit by Ben Meyers and loses puck.
14:06 of 2nd period - Slapshot by Ben Betker.
14:06 of 2nd period - Stopped by Joni Ortio without a rebound.
14:07 of 2nd period - Marcus Karlberg wins face-off versus Thomas Gobeil in Barracuda zone.
14:08 of 2nd period - Snap shot by Jesse Ylonen.
14:08 of 2nd period - Shot Misses the Net.
15:48 of 2nd period - Icing by Thomas Gobeil.
15:49 of 2nd period - Emil Pettersson wins face-off versus Karson Kuhlman in Barracuda zone.
16:04 of 2nd period - Backhand shot by Oskar Lindblom.
16:04 of 2nd period - Shot Blocked by Kurtis Macdermid.
16:19 of 2nd period - Snap shot by Jesse Ylonen.
16:19 of 2nd period - Stopped by Joni Ortio with a rebound.
16:21 of 2nd period - Wrist shot by Jesse Ylonen.
16:21 of 2nd period - Stopped by Joni Ortio with a rebound.
16:23 of 2nd period - Slapshot by Niko Mikkola.
16:23 of 2nd period - Shot Blocked by Robin Norell.
16:25 of 2nd period - Wrist shot by Marcus Karlberg.
16:25 of 2nd period - Stopped by Joni Ortio with a rebound.
16:27 of 2nd period - Slapshot by Ben Betker.
16:27 of 2nd period - Stopped by Joni Ortio with a rebound.
16:39 of 2nd period - Adam Ruzicka is hit by Theodor Blueger and loses puck.
16:52 of 2nd period - Minor Penalty to Robin Norell for Elbowing.
16:53 of 2nd period - Kurtis Macdermid wins face-off versus Karson Kuhlman in Barracuda zone.
18:16 of 2nd period - Minor Penalty to Kurtis Gabriel for Interference.
18:17 of 2nd period - Oskar Lindblom wins face-off versus Kurtis Macdermid in Punishers zone.
18:21 of 2nd period - Backhand shot by Ben Betker.
18:21 of 2nd period - Shot Blocked by Brett Kulak.
18:23 of 2nd period - Snap shot by Karson Kuhlman.
18:23 of 2nd period - Stopped by Joni Ortio with a rebound.
18:52 of 2nd period - Penalty to Robin Norell is over, Robin Norell is back on ice.
Goals for this period are 1 for Punishers vs 0 for Barracuda.
Shots for this period are 10 for Punishers vs 6 for Barracuda.

3rd period


0:01 of 3rd period - Emil Pettersson wins face-off versus Oskar Lindblom in neutral zone.
0:04 of 3rd period - Slapshot by Robin Norell.
0:04 of 3rd period - Shot Blocked by Karson Kuhlman.
0:06 of 3rd period - Slapshot by Brett Kulak.
0:06 of 3rd period - Shot Blocked by Oskar Lindblom.
0:08 of 3rd period - Snap shot by Kurtis Macdermid.
0:08 of 3rd period - Goal by Kurtis Macdermid - Punishers : 2 - Barracuda : 4.
0:08 of 3rd period - Antoine Bibeau enters game.
0:09 of 3rd period - Karson Kuhlman wins face-off versus Emil Pettersson in neutral zone.
0:14 of 3rd period - Snap shot by Oskar Lindblom.
0:14 of 3rd period - Stopped by Joni Ortio with a rebound.
0:16 of 3rd period - Wrist shot by Niko Mikkola.
0:16 of 3rd period - Stopped by Joni Ortio without a rebound.
0:17 of 3rd period - Emil Pettersson wins face-off versus Karson Kuhlman in Barracuda zone.
0:33 of 3rd period - Icing by Thomas Gobeil.
0:34 of 3rd period - Emil Pettersson wins face-off versus Daniel Audette in Barracuda zone.
2:17 of 3rd period - Minor Penalty to Thomas Gobeil for Holding.
2:18 of 3rd period - Kurtis Macdermid wins face-off versus Karson Kuhlman in Barracuda zone.
3:04 of 3rd period - Kurtis Macdermid is hit by Warren Foegele and loses puck.
3:15 of 3rd period - Kurtis Gabriel is hit by Robin Norell and loses puck.
3:34 of 3rd period - Kurtis Macdermid is hit by Daniel Audette and loses puck.
4:17 of 3rd period - Penalty to Thomas Gobeil is over, Thomas Gobeil is back on ice.
4:27 of 3rd period - Slapshot by Luke Martin.
4:27 of 3rd period - Shot Misses the Net.
5:02 of 3rd period - Jaedon Descheneau is hit by Urho Vaakanainen and loses puck.
5:41 of 3rd period - Wrist shot by Alex Henriksson.
5:41 of 3rd period - Stopped by Antoine Bibeau with a rebound.
5:43 of 3rd period - Slapshot by Alex Lintuniemi.
5:43 of 3rd period - Stopped by Antoine Bibeau with a rebound.
6:10 of 3rd period - Minor Penalty to Niko Mikkola for Delaying the game.
6:11 of 3rd period - Oskar Lindblom wins face-off versus Emil Pettersson in Punishers zone.
6:11 of 3rd period - Oskar Lindblom is hit by Kurtis Macdermid.
6:21 of 3rd period - Off-side.
6:22 of 3rd period - Emil Pettersson wins face-off versus Oskar Lindblom in neutral zone.
6:26 of 3rd period - Off-side.
6:27 of 3rd period - Emil Pettersson wins face-off versus Oskar Lindblom in neutral zone.
6:48 of 3rd period - Minor Penalty to Rasmus Sandin for Interference.
6:49 of 3rd period - Oskar Lindblom wins face-off versus Emil Pettersson in Punishers zone.
7:00 of 3rd period - Lassi Thomson is hit by Emil Pettersson.
7:25 of 3rd period - Slapshot by Robin Norell.
7:25 of 3rd period - Shot Misses the Net.
7:27 of 3rd period - Slapshot by Robin Norell.
7:27 of 3rd period - Stopped by Antoine Bibeau with a rebound.
8:10 of 3rd period - Penalty to Niko Mikkola is over, Niko Mikkola is back on ice.
8:21 of 3rd period - Theodor Blueger is hit by Lassi Thomson and loses puck.
8:48 of 3rd period - Penalty to Rasmus Sandin is over, Rasmus Sandin is back on ice.
9:03 of 3rd period - Jesse Ylonen is hit by Bode Wilde and loses puck.
9:40 of 3rd period - Jaedon Descheneau is hit by Warren Foegele and loses puck.
9:59 of 3rd period - Slapshot by Luke Martin.
9:59 of 3rd period - Shot Misses the Net.
10:11 of 3rd period - Wrist shot by Adam Ruzicka.
10:11 of 3rd period - Shot Misses the Net.
10:17 of 3rd period - Snap shot by Carson Meyer.
10:17 of 3rd period - Shot Misses the Net.
10:39 of 3rd period - Alex Henriksson is hit by Jesse Ylonen and loses puck.
11:25 of 3rd period - Slapshot by Niko Mikkola.
11:25 of 3rd period - Shot Misses the Net.
11:42 of 3rd period - Off-side.
11:43 of 3rd period - Ben Meyers wins face-off versus Theodor Blueger in neutral zone.
11:50 of 3rd period - Ben Meyers is hit by William Carrier and loses puck.
12:09 of 3rd period - Snap shot by Karson Kuhlman.
12:09 of 3rd period - Stopped by Joni Ortio with a rebound.
12:11 of 3rd period - Backhand shot by Karson Kuhlman.
12:11 of 3rd period - Goal by Karson Kuhlman - Punishers : 3 - Barracuda : 4.
12:12 of 3rd period - Karson Kuhlman wins face-off versus Emil Pettersson in neutral zone.
12:21 of 3rd period - Snap shot by Oskar Lindblom.
12:21 of 3rd period - Deflect By Kurtis Gabriel.
12:21 of 3rd period - Stopped by Joni Ortio with a rebound.
12:23 of 3rd period - Slapshot by Oskar Lindblom.
12:23 of 3rd period - Stopped by Joni Ortio with a rebound.
13:00 of 3rd period - Wrist shot by Adam Ruzicka.
13:00 of 3rd period - Stopped by Joni Ortio without a rebound.
13:01 of 3rd period - Noah Gregor wins face-off versus Karson Kuhlman in Barracuda zone.
13:24 of 3rd period - Snap shot by Noah Gregor.
13:24 of 3rd period - Deflect By Cole Ully.
13:24 of 3rd period - Stopped by Antoine Bibeau with a rebound.
13:30 of 3rd period - Dennis Cholowski is hit by Kole Lind.
13:50 of 3rd period - Slapshot by Nikolai Kovalenko.
13:50 of 3rd period - Shot Blocked by Kole Lind.
13:52 of 3rd period - Snap shot by Nikolai Kovalenko.
13:52 of 3rd period - Shot Misses the Net.
14:02 of 3rd period - Slapshot by Cole Ully.
14:02 of 3rd period - Shot Misses the Net.
14:04 of 3rd period - Wrist shot by Cole Ully.
14:04 of 3rd period - Goal by Cole Ully - Punishers : 3 - Barracuda : 5.
14:05 of 3rd period - Karson Kuhlman wins face-off versus Emil Pettersson in neutral zone.
14:20 of 3rd period - Slapshot by Emil Pettersson.
14:20 of 3rd period - Shot Blocked by Oskar Lindblom.
14:39 of 3rd period - Jordan Gross is hit by Adam Ruzicka and loses puck.
14:55 of 3rd period - Snap shot by Daniel Audette.
14:55 of 3rd period - Shot Blocked by Luke Martin.
15:33 of 3rd period - Slapshot by Jordan Gross.
15:33 of 3rd period - Stopped by Antoine Bibeau without a rebound.
15:34 of 3rd period - Karson Kuhlman wins face-off versus Noah Gregor in Punishers zone.
15:39 of 3rd period - Snap shot by Oskar Lindblom.
15:39 of 3rd period - Shot Misses the Net.
15:44 of 3rd period - Off-side.
15:45 of 3rd period - Adam Ruzicka wins face-off versus Noah Gregor in neutral zone.
15:53 of 3rd period - Icing by Noah Gregor.
15:54 of 3rd period - Noah Gregor wins face-off versus Adam Ruzicka in Barracuda zone.
16:04 of 3rd period - Noah Gregor is hit by Adam Ruzicka and loses puck.
16:35 of 3rd period - Off-side.
16:36 of 3rd period - Emil Pettersson wins face-off versus Karson Kuhlman in neutral zone.
16:51 of 3rd period - Minor Penalty to Thomas Gobeil for Holding.
16:52 of 3rd period - Kurtis Macdermid wins face-off versus Karson Kuhlman in Barracuda zone.
17:21 of 3rd period - Snap shot by Kole Lind.
17:21 of 3rd period - Shot Blocked by Robin Norell.
17:23 of 3rd period - Slapshot by Ben Betker.
17:23 of 3rd period - Stopped by Joni Ortio with a rebound.
17:25 of 3rd period - Backhand shot by Ben Betker.
17:25 of 3rd period - Stopped by Joni Ortio without a rebound.
17:26 of 3rd period - Karson Kuhlman wins face-off versus Emil Pettersson in Barracuda zone.
17:43 of 3rd period - Kurtis Macdermid is hit by Kurtis Gabriel and loses puck.
18:02 of 3rd period - Snap shot by Kole Lind.
18:02 of 3rd period - Shot Blocked by Luke Martin.
18:51 of 3rd period - Penalty to Thomas Gobeil is over, Thomas Gobeil is back on ice.
19:20 of 3rd period - Thomas Gobeil is hit by Urho Vaakanainen and loses puck.
Goals for this period are 1 for Punishers vs 2 for Barracuda.
Shots for this period are 9 for Punishers vs 7 for Barracuda.